 Dungeon Crawl Stone Soup version 0.19-a0-628-g9200b3b (webtiles) character file.

27 Aquadorian the Firebug (level 3, 0/19 HPs)
             Began as a Gargoyle Fire Elementalist on June 13, 2016.
             Slain by a worm (9 damage)
             ... on level 2 of the Dungeon.
             The game lasted 00:19:11 (1165 turns).

Aquadorian the Firebug (Gargoyle Fire Elementalist) Turns: 1165, Time: 00:19:13

Health: 0/19       AC:  5    Str: 11    XL:     3   Next: 10%
Magic:  3/6        EV: 12    Int: 15    God:
Gold:   68         SH:  0    Dex: 11    Spells: 1 memorised, 5 levels left

rFire  . . .     SeeInvis .     d - +0 dagger
rCold  . . .     Gourm    .     a - +0 robe
rNeg   + . .     Faith    .     (no shield)
rPois  ∞         Spirit   .     (no helmet)
rElec  +         Dismiss  +     (no cloak)
rCorr  .         Reflect  .     (no gloves)
SustAt .         Harm     .     (no boots)
MR     .....                    g - amulet of dismissal
Stlth  ++........               (no ring)
                                (no ring)

@: not resistant to hostile enchantments, unstealthy
A: negative energy resistance 1, electricity resistance, unbreathing,
petrification resistance, rot immunity, AC +3
a: no special abilities


You were on level 2 of the Dungeon.
You were not hungry.

You visited 1 branch of the dungeon, and saw 2 of its levels.

You collected 68 gold pieces.

Inventory:

Hand Weapons
 d - a +0 dagger (weapon)
Missiles
 j - 24 stones (quivered)
Armour
 a - a +0 robe (worn)
Jewellery
 g - an amulet of dismissal (around neck)
Scrolls
 e - a scroll of teleportation {unknown}
 i - a scroll of random uselessness {unknown}
 l - a scroll of amnesia {unknown}
Potions
 f - a potion of haste {unknown}
 h - a potion of lignification {unknown}
 m - a potion of berserk rage {unknown}
 n - 2 potions of brilliance {unknown}
Books
 b - a book of Flames

   Spells                             Type                      Level
   a - Flame Tongue                   Conjuration/Fire             1
   b - Throw Flame                    Conjuration/Fire             2
   c - Conjure Flame                  Conjuration/Fire             3
   d - Inner Flame                    Hexes/Fire                   3
   e - Sticky Flame                   Conjuration/Fire             4
   f - Fireball                       Conjuration/Fire             5
Comestibles
 c - 2 bread rations
 k - a chunk of flesh


   Skills:
 - Level 1.5 Dodging
 - Level 2.1 Stealth
 - Level 2.0 Spellcasting
 + Level 1.7 Conjurations
 + Level 3.9 Fire Magic


You had 5 spell levels left.
You knew the following spells:

 Your Spells              Type           Power        Failure   Level  Hunger
a - Flame Tongue          Conj/Fire      #....        10%         1    #......


Dungeon Overview and Level Annotations

Branches:
Dungeon (2/15)

Altars:


Innate Abilities, Weirdness & Mutations

You are resistant to torment.
Your stone body is resilient. (AC +3)
You are immune to poison.
You resist negative energy. (rN+)
You are resistant to electric shocks. (rElec)
You can survive without breathing.
You are immune to petrification.
You are immune to rotting.


Message History

The worm closely misses you.
You hit the worm.
The worm is almost dead.
You hit the worm but do no damage.
The worm is almost dead.
The worm bites you.
You hit the worm but do no damage.
The worm is almost dead.
The worm bites you but does no damage.
You completely miss the worm.
The worm is severely wounded.
You hit the worm but do no damage.
The worm is severely wounded.
The worm bites you.
You hit the worm.
The worm is severely wounded.
You hit the worm but do no damage.
The worm is severely wounded.
The worm bites you!
You die...

### ########....
######## #...........
.......######...........
.#..........+...@w......
.#.###...####...........
.#.......# #...........
.#.###.#.####...........
.......#.##.............
....#..#.##.##.########.
.#.##..#.....#.#
.#.....#######.#
.#..#... ...


You could see a worm.

Vanquished Creatures
  2 goblins (D:1)
  3 hobgoblins
  5 jackals
  4 bats (D:1)
  3 giant newts
  5 kobolds
  5 rats (D:1)
27 creatures vanquished.

Notes
Turn   | Place    | Note
--------------------------------------------------------------
     0 | D:1      | Aquadorian the Gargoyle Fire Elementalist began the quest for the Orb.
     0 | D:1      | Reached XP level 1. HP: 10/10 MP: 3/3
   343 | D:1      | Reached XP level 2. HP: 13/15 MP: 0/5
   871 | D:1      | Reached XP level 3. HP: 7/19 MP: 1/6
  1165 | D:2      | Slain by a worm

Vault maps used:
D:1:      roderic_dead_forest
D:2:      dancing_weapons_uskayaw, nemelex_xobeh_ov_fountains_minmay,
          first_bread, elyvilon_altar_3

Action                   || total
-------------------------++-------
Melee: Dagger            ||    40
 Cast: Flame Tongue      ||    45
  Eat: Bread ration      ||     1
Armor: Robe              ||    22
Dodge: Dodged            ||    58
